Map: [ESL] Site Delta

Players

Dark

  • Race: Zerg Zerg
  • Spawn Location: 5:00

Maru - Winner!

  • Race: Terran Terran
  • Spawn Location: 11:00

Event: ESL Spring 2024 Finals

VOD

Have the link to the VOD?

Description

Time

  • Played on: June 2, 2024, 1:03 p.m.
  • Length: 6:55

All games in this series

Show
View Real Time Build Order
Export as new Build Order

Dark Zerg 

Build Orders: Hatch First 

Get SALT Encoding   

  12  0:00  Drone  
  13  0:11  Overlord  
  13  0:16  Drone  
  14  0:31  Drone x2  
  16  0:47  Hatchery  
  15  0:50  Drone  
  15  0:54  Drone  
  17  0:59  Drone  
  18  1:08  Extractor  
  17  1:13  Spawning Pool  
  17  1:16  Drone  
  17  1:21  Drone  
  18  1:30  Drone  
  19  1:39  Drone  
  20  1:51  Drone  
  21  2:00  Queen x2  
  25  2:01  Zergling x4  
  27  2:09  Metabolic Boost  
  27  2:11  Overlord  
  27  2:13  Drone  
  28  2:30  Zergling x2  
  28  2:32  Drone  
  28  2:33  Drone, Zergling x2  
  32  2:42  Queen  
  34  2:47  Overlord, Queen  
  36  2:59  Overlord  
  36  3:01  Drone  
  36  3:05  Drone x3  
  39  3:14  Drone  
  39  3:15  Drone x3  
  39  3:16  Drone  
  39  3:17  Queen  
  46  3:25  Drone  
  47  3:28  Drone  
  48  3:35  Hatchery  
  48  3:39  Queen  
  49  3:42  Drone  
  50  3:49  Drone x2  
  50  3:51  Overlord  
  52  3:58  Overlord  
  52  4:05  Overlord  
  52  4:09  Queen  
  54  4:11  Drone x6  
  60  4:23  Queen, Zergling x4  
  64  4:30  Drone x2  
  66  4:31  Drone  
  66  4:34  Drone  
  68  4:41  Overlord  
  68  4:42  Spore Crawler  
  68  4:43  Overlord  
  67  4:46  Queen  
  67  4:48  Drone  
  67  4:50  Drone  
  71  4:55  Drone  
  71  4:59  Drone, Evolution Chamber  
  72  5:00  Extractor, Evolution Chamber  
  72  5:01  Drone  
  71  5:08  Drone x3  
  71  5:12  Hatchery  
  71  5:13  Drone x2  
  75  5:18  Extractor  
  75  5:19  Drone x2  
  76  5:21  Drone x3  
  76  5:28  Drone  
  80  5:30  Drone x4  
  80  5:34  Zergling x2  
  85  5:38  Extractor x2, Drone  
  84  5:45  Baneling Nest  
  84  5:48  Drone x2  
  85  5:50  Drone  
  85  5:51  Lair  
  85  5:52  Zergling x6  
  85  5:54  Hatchery  
  85  5:55  Drone x2  
  90  5:59  Overlord  
  90  6:03  Overlord  
  90  6:05  Overlord  
  90  6:07  Overlord  
  90  6:08  Overlord  
  90  6:10  Overlord  
  90  6:15  Overlord  
  90  6:17  Overlord  
  90  6:19  Zergling x4  
  88  6:33  Zergling x16  
  88  6:36  Zergling x2  
Show
View Real Time Build Order
Export as new Build Order

Maru Terran - Winner!

Build Orders:  

Get SALT Encoding   

  12  0:00  SCV  
  13  0:12  SCV  
  14  0:17  Supply Depot  
  14  0:24  SCV  
  15  0:38  SCV  
  15  0:40  Barracks  
  16  0:43  Refinery  
  16  0:50  SCV  
  17  0:59  Barracks  
  17  1:03  SCV  
  18  1:15  SCV  
  19  1:27  Reaper, Orbital Command  
  19  1:30  Supply Depot  
  20  1:46  Reaper  
  21  1:52  SCV  
  22  2:04  SCV, Reaper  
  24  2:09  Command Center  
  24  2:16  SCV  
  24  2:18  Refinery  
  26  2:28  SCV  
  27  2:40  SCV  
  28  2:50  Factory  
  27  2:52  SCV  
  27  2:56  Barracks Reactor  
  28  2:58  Barracks Tech Lab  
  28  3:01  Command Center  
  28  3:05  SCV  
  29  3:18  SCV  
  30  3:21  Orbital Command  
  30  3:26  Marine  
  30  3:30  SCV  
  30  3:31  Engineering Bay  
  30  3:32  Engineering Bay  
  33  3:41  Hellion  
  33  3:42  SCV  
  33  3:43  Hellion  
  33  3:47  SCV  
  37  3:49  Marine  
  37  3:52  Barracks Reactor  
  37  3:55  SCV  
  39  3:59  SCV  
  39  4:02  Terran Infantry Weapons Level 1, Terran Infantry Armor Level 1  
  40  4:07  SCV  
  41  4:10  Marine  
  41  4:13  Orbital Command  
  41  4:16  Hellion  
  44  4:17  Hellion  
  46  4:26  SCV  
  46  4:28  Stimpack, Marine  
  46  4:29  Marine x2  
  50  4:31  SCV  
  50  4:36  Starport  
  50  4:38  SCV  
  52  4:41  SCV  
  52  4:43  Supply Depot  
  53  4:45  Marine  
  53  4:46  SCV  
  53  4:47  Marine x2  
  53  4:51  Hellion x2  
  61  4:56  Supply Depot  
  61  5:04  SCV, Marine  
  61  5:05  Marine  
  61  5:06  SCV x2  
  66  5:07  Refinery, Marine  
  66  5:12  Armory  
  67  5:16  SCV  
  67  5:18  SCV  
  67  5:20  Medivac x2  
  73  5:22  Marine  
  73  5:23  SCV, Marine  
  73  5:27  Factory Tech Lab  
  76  5:30  Supply Depot, Orbital Command  
  76  5:36  SCV  
  76  5:39  SCV  
  76  5:41  Barracks, Refinery, Marine x2  
  76  5:42  Marine  
  81  5:48  SCV  
  81  5:49  Siege Tank  
  85  5:52  SCV  
  85  5:54  Supply Depot  
  86  5:57  SCV  
  86  6:00  SCV  
  86  6:03  Marine  
  86  6:04  Marine x2  
  91  6:12  Supply Depot  
  91  6:21  Siege Tank, Marine x2  
  91  6:22  Marine  
  91  6:23  SCV x2  
  99  6:27  SCV  
  100  6:33  Barracks Reactor  
  100  6:35  SCV x2  
  100  6:39  SCV  
  104  6:43  Barracks  
  104  6:45  Barracks  
  106  6:54  Supply Depot  
Tags
 
Add a new tag
Caveats
  • Supply blocks, unpowered buildings, or Contaminate may cause inaccurate times.
  • Supply counts are checked every 10 seconds.